[Event "Titled Tuesday Blitz February 14 Late 2023"]
[White "Mikhalsky, Vladimir"]
[Black "Stachanczyk, Jacek"]
[WhiteFideId "14144352"]
[BlackFideId "1116657"]
[WhiteElo "2219"]
[BlackElo "2147"]
[Result "1/2-1/2"]
[Round "06"]
[TimeControl "180+2"]
[Date "2023.02.14"]
[WhiteClock "0:01:48"]
[BlackClock "0:01:19"]

1. e4 c5 2. Nf3 d6 3. d4 cxd4 4. Nxd4 Nf6 5. Nc3 g6 6. f3 Bg7 7. Be3 O-O 8. Bc4 Nc6 9. Qd2 Bd7 10. h4 h5 11. O-O-O Rc8 12. Bb3 Ne5 13. Bh6 Bxh6 14. Qxh6 Rxc3 15. bxc3 Qa5 16. f4 Qxc3 17. fxe5 Qa1+ 18. Kd2 Qxd4+ 19. Kc1 Qa1+ 20. Kd2 Qd4+ 21. Kc1 Qa1+ 22. Kd2 Qd4+ 1/2-1/2


[Site "https://www.chess.com"]

[Event "Titled Tuesday Blitz February 14 Late 2023"]
[White "Stanisz, Patryk"]
[Black "Sztokbant, Bernardo Vainzoff"]
[WhiteFideId "1123106"]
[BlackFideId "2115956"]
[WhiteElo "2161"]
[BlackElo "2213"]
[Result "0-1"]
[Round "06"]
[TimeControl "180+2"]
[Date "2023.02.14"]
[WhiteClock "0:00:20"]
[BlackClock "0:01:26"]

1. d4 Nf6 2. c4 e6 3. Nc3 d5 4. Nf3 Be7 5. Bf4 O-O 6. e3 b6 7. Qc2 Bb7 8. cxd5 exd5 9. Bd3 c5 10. O-O Nbd7 11. Ne5 cxd4 12. exd4 Nxe5 13. Bxe5 Rc8 14. Bxf6 Bxf6 15. Bxh7+ Kh8 16. Bf5 Rc7 17. Rad1 g6 18. Bg4 Kg7 19. Rfe1 Re8 20. Qd3 Rce7 21. Rxe7 Qxe7 22. h3 Qb4 23. Qb5 Qxb5 24. Nxb5 Re7 25. Nxa7 Rc7 26. Rd2 Ba6 0-1


[Site "https://www.chess.com"]

[Event "Titled Tuesday Blitz February 14 Late 2023"]
[White "Alfaro, William"]
[Black "Papayan, Oleg"]
[WhiteFideId "6100457"]
[BlackFideId "4193911"]
[WhiteElo "2134"]
[BlackElo "2253"]
[Result "0-1"]
[Round "06"]
[TimeControl "180+2"]
[Date "2023.02.14"]
[WhiteClock "0:01:48"]
[BlackClock "0:00:34"]

1. e4 d5 2. exd5 Qxd5 3. Nc3 Qd8 4. Nf3 c6 5. Bc4 Bf5 6. Ne5 e6 7. Qf3 Nd7 8. d4 Nxe5 9. dxe5 Qd4 10. Qe2 Bxc2 11. Bxe6 Bd3 12. Bxf7+ Kxf7 13. Qf3+ Ke8 14. Be3 Qxe5 15. O-O-O Rd8 16. Rhe1 Be7 17. Bf4 Qf5 18. g4 Qg6 19. h4 h5 20. gxh5 Rxh5 21. Bg5 Rxg5 22. hxg5 Qxg5+ 23. Qe3 Qxe3+ 24. Rxe3 Bf5 25. Rde1 Kf7 26. f4 Bd6 27. Rf1 Nf6 28. a3 Nd5 29. Nxd5 cxd5 30. b4 Rc8+ 31. Kb2 Rc2+ 32. Kb3 Rg2 33. Rd1 Bxf4 34. Rf3 g5 35. Rxd5 Be6 0-1


[Site "https://www.chess.com"]

[Event "Titled Tuesday Blitz February 14 Late 2023"]
[White "ritanovikova"]
[Black "Rottenwohrer Suarez, Juan"]
[BlackFideId "32068182"]
[WhiteElo "2189"]
[BlackElo "2265"]
[Result "0-1"]
[Round "06"]
[TimeControl "180+2"]
[Date "2023.02.14"]
[WhiteClock "0:00:28"]
[BlackClock "0:00:36"]

1. d4 Nf6 2. Bf4 g6 3. e3 Bg7 4. Nd2 c5 5. c3 b6 6. h3 O-O 7. Ngf3 d6 8. Be2 Bb7 9. O-O Nbd7 10. a4 a6 11. Re1 Qc7 12. Bf1 Bc6 13. e4 e5 14. dxe5 Nxe5 15. Nxe5 dxe5 16. Bh2 b5 17. axb5 axb5 18. Qc2 Nh5 19. Be2 Nf4 20. Bf3 Rad8 21. Bxf4 exf4 22. Nb3 c4 23. Nc1 Qb6 24. Ne2 Be5 25. Red1 h5 26. Rd2 Rxd2 27. Qxd2 Rd8 28. Qc1 Qc7 29. Ra7 Qxa7 30. Nxf4 Qd7 31. Nxh5 Qd2 32. Qa1 gxh5 33. Qa6 Qe1# 0-1


[Site "https://www.chess.com"]

[Event "Titled Tuesday Blitz February 14 Late 2023"]
[White "Cruz Gomez, Miguel Angel"]
[Black "Ansh M Shah"]
[WhiteFideId "5137160"]
[BlackFideId "25033379"]
[WhiteElo "1950"]
[BlackElo "2171"]
[Result "0-1"]
[Round "06"]
[TimeControl "180+2"]
[Date "2023.02.14"]
[WhiteClock "0:00:11"]
[BlackClock "0:00:18"]

1. e4 c6 2. d4 d5 3. exd5 cxd5 4. Bd3 Nc6 5. c3 Nf6 6. h3 g6 7. Bf4 Bg7 8. Nf3 O-O 9. O-O Bf5 10. Bxf5 gxf5 11. Qd3 Ne4 12. Nbd2 e6 13. Rfe1 a6 14. Rad1 b5 15. g4 fxg4 16. hxg4 f5 17. g5 Rc8 18. a3 Ne7 19. Kg2 Ng6 20. Qe3 Nxf4+ 21. Qxf4 Qc7 22. Qxc7 Rxc7 23. Nb3 Rff7 24. Rh1 Bf8 25. Rh5 Rg7 26. Rdh1 Bd6 27. Kf1 Rg6 28. Nc1 Rcg7 29. Rg1 Be7 30. Nd3 Bd6 31. Ke2 Rb7 32. Rh6 Kg7 33. Rxg6+ hxg6 34. Rh1 Rb8 35. Rh6 Rh8 36. Rxh8 Kxh8 37. Ke3 Kg7 38. Nf4 Kf7 39. Nd3 Be7 40. Nde5+ Kg7 41. Nc6 Bxg5+ 42. Nxg5 Nxg5 43. Nb8 a5 44. Nc6 a4 45. Na7 Nf7 46. Nxb5 Nd8 47. Nd6 Nc6 48. Nb7 Na5 49. Nc5 Nc4+ 50. Kd3 Nxb2+ 51. Kc2 Nc4 52. Nxa4 Nxa3+ 53. Kb3 Nc4 54. Nb2 Nxb2 55. Kxb2 g5 56. Kc2 Kf6 57. Kd3 e5 58. Ke3 e4 59. f4 exf3 60. Kxf3 Ke6 61. Kg3 Kd6 62. Kf3 Kc6 63. Ke3 Kb5 64. Kd3 f4 0-1


[Site "https://www.chess.com"]

[Event "Titled Tuesday Blitz February 14 Late 2023"]
[White "Golubev, Mikhail"]
[Black "Chabris, Christopher"]
[WhiteFideId "14100983"]
[BlackFideId "2005263"]
[WhiteElo "2461"]
[BlackElo "2053"]
[Result "1-0"]
[Round "06"]
[TimeControl "180+2"]
[Date "2023.02.14"]
[WhiteClock "0:00:51"]
[BlackClock "0:00:02"]

1. e4 c5 2. Nf3 d6 3. d4 cxd4 4. Nxd4 Nf6 5. Nc3 a6 6. Bc4 e6 7. O-O Nbd7 8. Bxe6 fxe6 9. Nxe6 Qa5 10. Bd2 Qb6 11. Nd5 Nxd5 12. exd5 Nf6 13. Be3 Qa5 14. b4 Qxb4 15. Nc7+ Kf7 16. Nxa8 Be7 17. Nc7 Qc4 18. Bb6 Bf5 19. Re1 Ne4 20. Qf3 g6 21. Ne6 h5 22. Nd4 Rc8 23. Nxf5 gxf5 24. Qxf5+ Nf6 25. Rxe7+ 1-0


[Site "https://www.chess.com"]

[Event "Titled Tuesday Blitz February 14 Late 2023"]
[White "Martic, Ivan"]
[Black "Leonte, Sebastian-Marian"]
[WhiteFideId "929301"]
[BlackFideId "1268767"]
[WhiteElo "2301"]
[BlackElo "1279"]
[Result "1-0"]
[Round "06"]
[TimeControl "180+2"]
[Date "2023.02.14"]
[WhiteClock "0:01:43"]
[BlackClock "0:00:18"]

1. e4 e5 2. f4 exf4 3. Nf3 d5 4. exd5 Nf6 5. d4 Nxd5 6. Bc4 Be7 7. O-O O-O 8. Bxd5 Qxd5 9. Bxf4 Bg4 10. Bxc7 Nc6 11. c3 Bf6 12. Nbd2 Rfe8 13. Qb3 Qh5 14. Qxb7 Ne7 15. Rae1 Nf5 16. Be5 Bxe5 17. Rxe5 Rab8 18. Rfe1 f6 19. Qd5+ Kh8 20. Rxe8+ Rxe8 21. Rxe8+ Qxe8 22. Qe4 Qg6 23. Qa8+ 1-0


[Site "https://www.chess.com"]

[Event "Titled Tuesday Blitz February 14 Late 2023"]
[White "WindWhistler11"]
[Black "Cueto, Jonny"]
[BlackFideId "3300145"]
[WhiteElo "2627"]
[BlackElo "2122"]
[Result "1-0"]
[Round "06"]
[TimeControl "180+2"]
[Date "2023.02.14"]
[WhiteClock "0:00:08"]
[BlackClock "0:01:02"]

1. Nf3 e6 2. g3 d5 3. d3 Nf6 4. Nbd2 Be7 5. e4 O-O 6. Bg2 b6 7. O-O Bb7 8. e5 Nfd7 9. Re1 c5 10. Nf1 Nc6 11. h4 Qc7 12. Bf4 Rac8 13. h5 c4 14. h6 g6 15. d4 c3 16. b3 a5 17. N1h2 a4 18. Ng4 axb3 19. axb3 Ra8 20. Rb1 Ra2 21. Bf1 Nb4 22. Rc1 Rb2 23. Bb5 Bc6 24. Bd3 Na2 25. Ra1 Nb4 26. Bg5 Bxg5 27. Nxg5 Ra8 28. Re3 Rxa1 29. Qxa1 Nxc2 30. Bxc2 Rxc2 31. Qd1 Rd2 32. Qf3 Nb8 33. Qf6 Kf8 34. Nxh7+ Ke8 35. Rxc3 Qa7 36. Qh8+ Ke7 37. Qf8+ Kd7 38. Qxf7+ Kd8 39. Qxa7 1-0


[Site "https://www.chess.com"]

[Event "Titled Tuesday Blitz February 14 Late 2023"]
[White "Rose, Felix"]
[Black "Melikhov, Evgeny V."]
[WhiteFideId "5105722"]
[BlackFideId "4122046"]
[WhiteElo "2091"]
[BlackElo "2269"]
[Result "0-1"]
[Round "06"]
[TimeControl "180+2"]
[Date "2023.02.14"]
[WhiteClock "0:00:15"]
[BlackClock "0:00:07"]

1. e4 c5 2. Nf3 d6 3. d4 cxd4 4. Nxd4 Nf6 5. Nc3 a6 6. Be3 e5 7. Nb3 Be6 8. f3 Be7 9. Qd2 O-O 10. O-O-O Nbd7 11. g4 b5 12. g5 Nh5 13. Kb1 Nb6 14. Na5 Qc7 15. Rg1 Nc4 16. Nxc4 bxc4 17. Nd5 Bxd5 18. Qxd5 c3 19. Qc4 Qxc4 20. Bxc4 Rfc8 21. Bd5 Rab8 22. b3 Rc7 23. Rd3 a5 24. a4 g6 25. Ka2 Rb4 26. Bc4 Rcxc4 27. bxc4 Rb2+ 28. Ka1 Rxc2 29. h4 Rh2 30. Rxc3 Rxh4 31. Rb3 Nf4 32. Rb8+ Kg7 33. Re8 Bf8 34. Ra8 Ne2 35. Rb1 Nc3 36. Rb3 Nxa4 37. Rxa5 Nc5 38. Bxc5 dxc5 39. Rb8 Be7 40. Re8 Bxg5 41. Rxc5 Be3 42. Rcc8 Bd4+ 43. Ka2 Rf4 44. c5 Rxf3 45. c6 Rc3 46. c7 h5 47. Rh8 Kf6 48. Rhe8 h4 49. Rh8 h3 50. Rh7 g5 51. Rf8 Rxc7 52. Rxh3 Kg6 53. Rfh8 Kf6 54. R3h6+ Ke7 55. Kb3 Rc3+ 56. Kb4 Re3 57. Rg8 Rxe4 58. Rxg5 Be3+ 59. Kb5 Bxg5 0-1


[Site "https://www.chess.com"]

[Event "Titled Tuesday Blitz February 14 Late 2023"]
[White "Abdi, Farzad"]
[Black "Figorito, Nick"]
[WhiteFideId "2076829"]
[BlackFideId "30923689"]
[WhiteElo "2068"]
[BlackElo "2036"]
[Result "1-0"]
[Round "06"]
[TimeControl "180+2"]
[Date "2023.02.14"]
[WhiteClock "0:00:21"]
[BlackClock "0:00:08"]

1. e4 e6 2. d4 d5 3. e5 c5 4. c3 Bd7 5. Nf3 Qb6 6. Nbd2 Bb5 7. Bxb5+ Qxb5 8. Qe2 Qxe2+ 9. Kxe2 a5 10. Nb3 b6 11. a4 Nc6 12. Be3 c4 13. Nbd2 Nge7 14. b3 cxb3 15. Rhb1 Nc8 16. Rxb3 Be7 17. c4 Nb4 18. cxd5 Nxd5 19. Rc1 O-O 20. Nc4 Rb8 21. Bg5 Bxg5 22. Nxg5 Nce7 23. Nd6 h6 24. Nge4 Nc8 25. g3 Nxd6 26. Nxd6 Rfd8 27. Rc6 Rd7 28. Rb1 Nb4 29. Rc4 Nd5 30. Rbc1 Kh7 31. Rc8 Rxc8 32. Rxc8 f6 33. f4 f5 34. Kd2 g5 35. fxg5 hxg5 36. Re8 Nc7 37. Rb8 Nd5 38. Kd3 f4 39. gxf4 gxf4 40. Ke4 Rg7 41. Re8 Rg6 42. h4 Rh6 43. Nf7 Rxh4 44. Rxe6 Nc3+ 45. Kf3 Nxa4 46. Ng5+ Kg7 47. Ne4 Nb2 48. Rxb6 Nc4 49. Rb7+ Kf8 50. Nf6 a4 51. e6 Nd6 52. Rd7 Ne8 53. Rf7# 1-0


[Site "https://www.chess.com"]

[Event "Titled Tuesday Blitz February 14 Late 2023"]
[White "De Souza, Cristiano Gomes"]
[Black "Sarkar, Justin"]
[WhiteFideId "2151758"]
[BlackFideId "2010011"]
[WhiteElo "2018"]
[BlackElo "2309"]
[Result "0-1"]
[Round "06"]
[TimeControl "180+2"]
[Date "2023.02.14"]
[WhiteClock "0:01:46"]
[BlackClock "0:00:02"]

1. d4 d5 2. c4 c6 3. Nf3 Nf6 4. Nc3 e6 5. Bg5 dxc4 6. e4 b5 7. e5 h6 8. Bh4 g5 9. exf6 gxh4 10. Ne5 Qxf6 11. a4 Bb7 12. axb5 cxb5 13. Nxb5 Bb4+ 14. Nc3 O-O 15. Bxc4 Nc6 16. O-O Nxe5 17. dxe5 Qxe5 18. Qg4+ Qg5 19. Qxg5+ hxg5 20. Nb5 a5 21. Rad1 Rac8 22. Be2 Rc2 23. Bg4 Rxb2 24. Nd6 Ba6 25. Ne4 Bxf1 26. Rxf1 f5 27. Nxg5 fxg4 28. Nxe6 Re8 29. Nf4 Re1 30. h3 Rxf1+ 31. Kxf1 a4 32. Nd3 a3 33. hxg4 a2 34. Nxb2 a1=Q+ 35. Ke2 Qxb2+ 36. Kf3 Bc5 37. g5 Qxf2+ 38. Kg4 Qxg2+ 39. Kh5 Qxg5+ 40. Kxg5 h3 41. Kg4 h2 0-1


[Site "https://www.chess.com"]

[Event "Titled Tuesday Blitz February 14 Late 2023"]
[White "Fernandez Siles, Luis"]
[Black "Sariego Figueredo, Wilfredo"]
[WhiteFideId "2209420"]
[BlackFideId "3500080"]
[WhiteElo "2218"]
[BlackElo "2318"]
[Result "1-0"]
[Round "06"]
[TimeControl "180+2"]
[Date "2023.02.14"]
[WhiteClock "0:00:21"]
[BlackClock "0:00:01"]

1. d4 d5 2. c4 c6 3. Nc3 Nf6 4. cxd5 cxd5 5. Bf4 e6 6. e3 Bd6 7. Bxd6 Qxd6 8. Bd3 O-O 9. f4 Nc6 10. Nf3 Ne7 11. O-O Nf5 12. Qe2 Bd7 13. Ne5 Bc6 14. Qf3 Qb4 15. Rf2 Nd6 16. Rc1 Rac8 17. g4 Nfe4 18. Rfc2 f6 19. Nxc6 Rxc6 20. Bxe4 Nxe4 21. Nxe4 Rxc2 22. Nxf6+ gxf6 23. Rxc2 Qe1+ 24. Kg2 h5 25. g5 h4 26. g6 Kg7 27. Rc7+ Kg8 28. Rh7 Qd2+ 29. Kh3 1-0


[Site "https://www.chess.com"]

[Event "Titled Tuesday Blitz February 14 Late 2023"]
[White "Toktomushev, Teimur"]
[Black "Wang, Alexander J"]
[WhiteFideId "14176726"]
[BlackFideId "30955270"]
[WhiteElo "2239"]
[BlackElo "1815"]
[Result "1-0"]
[Round "06"]
[TimeControl "180+2"]
[Date "2023.02.14"]
[WhiteClock "0:00:06"]
[BlackClock "0:00:15"]

1. d4 d5 2. c4 e6 3. Nc3 c5 4. e3 Nf6 5. Nf3 Nc6 6. cxd5 exd5 7. Bb5 Bd7 8. O-O a6 9. Bxc6 Bxc6 10. b3 Be7 11. Ba3 cxd4 12. Bxe7 Qxe7 13. Nxd4 O-O 14. Rc1 Rac8 15. Qf3 Ne4 16. Nxe4 dxe4 17. Qg4 Bd7 18. Qg3 f5 19. h4 Kh8 20. Qf4 Qf6 21. Rc7 Rxc7 22. Qxc7 Bc6 23. Rd1 h6 24. Nxc6 Qxc6 25. Qxc6 bxc6 26. Rc1 Rc8 27. Rc5 g6 28. h5 Kg7 29. a4 Kf6 30. hxg6 Kxg6 31. b4 Kf6 32. b5 axb5 33. axb5 Ke6 34. bxc6 Rc7 35. Kh2 Rc8 36. c7 Kf6 37. Kh3 Kg6 38. Rc6+ Kg5 39. Kg3 h5 40. f4+ exf3 41. gxf3 h4+ 42. Kh3 Kh5 43. f4 Rf8 44. c8=Q Rxc8 45. Rxc8 1-0


[Site "https://www.chess.com"]

[Event "Titled Tuesday Blitz February 14 Late 2023"]
[White "Liu, Casper"]
[Black "Tarnowska, Aleksandra"]
[WhiteFideId "1454153"]
[BlackFideId "1180967"]
[WhiteElo "2278"]
[BlackElo "1835"]
[Result "1-0"]
[Round "06"]
[TimeControl "180+2"]
[Date "2023.02.14"]
[WhiteClock "0:01:13"]
[BlackClock "0:00:11"]

1. d4 d5 2. Nf3 Nf6 3. Bf4 e6 4. e3 Bd6 5. Bg3 O-O 6. Nbd2 c5 7. c3 Qc7 8. Bd3 Nc6 9. dxc5 Bxg3 10. hxg3 e5 11. e4 Ne7 12. exd5 Qxc5 13. Ng5 h6 14. Nge4 Nxe4 15. Nxe4 Qxd5 16. Rxh6 f5 17. Rd6 Qc5 18. Nxc5 1-0


[Site "https://www.chess.com"]

[Event "Titled Tuesday Blitz February 14 Late 2023"]
[White "Minina, Veronika"]
[Black "Skaric, Djuro"]
[WhiteFideId "4174780"]
[BlackFideId "934569"]
[WhiteElo "2057"]
[BlackElo "2334"]
[Result "0-1"]
[Round "06"]
[TimeControl "180+2"]
[Date "2023.02.14"]
[WhiteClock "0:00:15"]
[BlackClock "0:01:10"]

1. Nf3 d6 2. g3 g6 3. Bg2 Bg7 4. O-O e5 5. c4 Nc6 6. d3 f5 7. Nc3 Nf6 8. Rb1 O-O 9. b4 h6 10. b5 Ne7 11. c5 g5 12. cxd6 cxd6 13. Qb3+ Kh7 14. h4 g4 15. Nd2 Ng6 16. Nd5 Nh5 17. Ba3 Be6 18. Qb4 Bxd5 19. Bxd5 Nxh4 20. gxh4 Qxh4 21. Qxd6 g3 22. fxg3 Qxg3+ 23. Bg2 Rf6 24. Qd5 Qe3+ 25. Rf2 Qxd2 26. Qxe5 Qg5 27. Be7 Rg6 28. Bxg5 Bxe5 29. Be3 f4 30. Bc5 Rag8 31. d4 Bb8 32. Kf1 Ng3+ 33. Ke1 Re8 34. Bxb7 Ne4 35. Bxe4 Rxe4 36. Kd2 h5 37. Rbf1 h4 38. Rh1 Rh6 39. Rfh2 f3 40. Rxh4 Rexh4 41. Rg1 Rh2 42. Bf8 Rxe2+ 43. Kd3 Rg6 44. Rh1+ Kg8 0-1


[Site "https://www.chess.com"]

[Event "Titled Tuesday Blitz February 14 Late 2023"]
[White "Vaglio Munoz, Jaime"]
[Black "Marin Masis, Jose Esteban"]
[WhiteFideId "6500145"]
[BlackFideId "6508146"]
[WhiteElo "2174"]
[BlackElo "1938"]
[Result "1-0"]
[Round "06"]
[TimeControl "180+2"]
[Date "2023.02.14"]
[WhiteClock "0:00:38"]
[BlackClock "0:00:02"]

1. d4 Nf6 2. c4 e6 3. a3 d5 4. Nc3 dxc4 5. e4 Be7 6. Bxc4 O-O 7. Nf3 b6 8. O-O Bb7 9. Re1 Nbd7 10. b4 a5 11. bxa5 Rxa5 12. Bd2 Rxa3 13. Rxa3 Bxa3 14. Qa4 Be7 15. Bf4 Nh5 16. Bg3 Nxg3 17. hxg3 Nf6 18. e5 Nd5 19. Ne4 Qe8 20. Qc2 Nb4 21. Qb1 Qc6 22. Bf1 Ra8 23. Neg5 g6 24. Rc1 Qd7 25. Ne4 Kg7 26. Rd1 Nd5 27. Qc1 Nb4 28. Qf4 Bxe4 29. Qxe4 Qd5 30. Qf4 h6 31. Rc1 Na2 32. Rxc7 Re8 33. Rxe7 Rxe7 34. Qf6+ Kg8 35. Qxe7 b5 36. Qh4 Kg7 37. Qf4 b4 38. Qd2 Nc3 39. Ne1 Ne4 40. Qd3 b3 41. f3 b2 42. fxe4 Qb7 43. Qb1 Qb6 44. Nf3 Qb3 45. Bd3 Qc3 46. Kf2 Qc1 47. Ke2 f6 48. exf6+ Kxf6 49. e5+ Kg7 50. Nd2 Qg1 51. Be4 Qxd4 52. Bxg6 Qxe5+ 53. Kf1 Qf6+ 54. Ke2 Qe5+ 55. Kd1 Qc3 56. Qc2 Qxg3 57. Bd3 Qxg2 58. Qxb2+ Kf7 59. Qd4 Qg1+ 60. Qxg1 1-0


[Site "https://www.chess.com"]

[Event "Titled Tuesday Blitz February 14 Late 2023"]
[White "Souza, Gustavo Horokoski De"]
[Black "FuenfgegenWilly"]
[WhiteFideId "2146584"]
[WhiteElo "1943"]
[BlackElo "2322"]
[Result "0-1"]
[Round "06"]
[TimeControl "180+2"]
[Date "2023.02.14"]
[WhiteClock "0:00:01"]
[BlackClock "0:01:55"]

1. d4 c5 2. d5 e5 3. c4 d6 4. Nc3 Be7 5. e4 Bg5 6. Nf3 Bxc1 7. Rxc1 Nh6 8. h3 f5 9. Be2 f4 10. a3 a5 11. Nd2 O-O 12. Nb5 Na6 13. Bg4 f3 14. Bxf3 Qf6 15. Qe2 Bd7 16. Nc3 Nc7 17. Kd1 Nf7 18. Kc2 Ng5 19. Kb1 Rfb8 20. h4 Nxf3 21. Qxf3 Qxf3 22. Nxf3 b5 23. cxb5 Nxb5 24. Nxb5 Bxb5 25. Ng5 h6 26. Ne6 Bd3+ 27. Ka1 Bxe4 28. Rc3 Bxd5 29. Nc7 Bxg2 30. Rg1 Ra7 31. Rxg2 Rxc7 32. Rd3 Rd7 33. Rd5 Kf7 34. h5 Ke6 35. Rd3 e4 36. Rdg3 d5 37. Rg6+ Ke5 38. Rxg7 Rbd8 39. R7g6 Rd6 0-1


[Site "https://www.chess.com"]

[Event "Titled Tuesday Blitz February 14 Late 2023"]
[White "Levine, David"]
[Black "Ardila, Oscar Humberto"]
[WhiteFideId "2011611"]
[BlackFideId "4404742"]
[WhiteElo "2040"]
[BlackElo "1982"]
[Result "1-0"]
[Round "06"]
[TimeControl "180+2"]
[Date "2023.02.14"]
[WhiteClock "0:00:17"]
[BlackClock "0:00:14"]

1. d4 Nf6 2. c4 g6 3. g3 Bg7 4. Bg2 O-O 5. Nf3 d6 6. O-O Nbd7 7. Nc3 c6 8. e4 Qc7 9. h3 e5 10. Be3 Re8 11. d5 cxd5 12. cxd5 Nc5 13. Nd2 a6 14. Qc2 b5 15. b4 Na4 16. Rfc1 Nxc3 17. Qxc3 Qxc3 18. Rxc3 Bd7 19. Rac1 Rec8 20. Nb3 Ne8 21. Na5 Rxc3 22. Rxc3 Rc8 23. Rxc8 Bxc8 24. Bf1 f5 25. f3 Nf6 26. Nc6 Kf7 27. Bd3 fxe4 28. fxe4 Bxh3 29. Nd8+ Kg8 30. Bb6 Bf8 31. Kf2 Be7 32. Nc6 Ng4+ 33. Ke2 Kf7 34. Nb8 Nh2 35. Nxa6 Bf1+ 36. Kd2 Bg5+ 37. Kc2 Bxd3+ 38. Kxd3 Nf1 39. Bf2 Ke8 40. Nc7+ Kd7 41. Nxb5 Nh2 42. a4 Bd8 43. a5 Ng4 44. Bg1 Bc7 45. a6 Kc8 46. a7 Kb7 47. Nxc7 h5 48. a8=Q+ Kxc7 49. Qc6+ Kd8 50. Qxd6+ 1-0


[Site "https://www.chess.com"]

[Event "Titled Tuesday Blitz February 14 Late 2023"]
[White "Georg, Heinz"]
[Black "Djordjevic, Dejan N"]
[WhiteFideId "4607295"]
[BlackFideId "913316"]
[WhiteElo "2107"]
[BlackElo "2167"]
[Result "0-1"]
[Round "06"]
[TimeControl "180+2"]
[Date "2023.02.14"]
[WhiteClock "0:00:08"]
[BlackClock "0:01:11"]

1. e4 c5 2. Nf3 Nc6 3. Bb5 g6 4. c3 Nf6 5. e5 Nd5 6. O-O Bg7 7. d4 O-O 8. c4 Nc7 9. Bxc6 dxc6 10. dxc5 Bg4 11. Qxd8 Rfxd8 12. Bf4 Ne6 13. Bg3 Nxc5 14. Nc3 Nd3 15. Na4 b5 16. cxb5 cxb5 17. Nc3 a6 18. b3 Bxf3 19. gxf3 Nxe5 20. Kg2 Nxf3 21. Kxf3 Bxc3 22. Rac1 Bf6 23. Rc7 Rd2 24. a4 Rb2 25. axb5 Rxb3+ 26. Kg2 Rxb5 27. Rfc1 h5 28. h4 a5 29. Rc8+ Rxc8 30. Rxc8+ Kg7 31. Ra8 Rb4 32. Rxa5 Bxh4 33. Be5+ Bf6 34. Bg3 g5 35. f3 Kg6 36. Ra6 e6 37. Kh3 Rb3 38. Kg2 Bc3 39. Bd6 Bd4 40. Kg3 Rb6 0-1


[Site "https://www.chess.com"]

[Event "Titled Tuesday Blitz February 14 Late 2023"]
[White "Balog, Imre"]
[Black "Slavin, Alexey"]
[WhiteFideId "728446"]
[BlackFideId "24104388"]
[WhiteElo "2615"]
[BlackElo "2364"]
[Result "0-1"]
[Round "06"]
[TimeControl "180+2"]
[Date "2023.02.14"]
[WhiteClock "0:00:03"]
[BlackClock "0:00:06"]

1. e4 Nc6 2. Nc3 d6 3. d4 Nf6 4. f3 e5 5. dxe5 Nxe5 6. Bg5 Be7 7. Qd2 O-O 8. h4 Be6 9. Nh3 Nc4 10. Bxc4 Bxc4 11. Nf4 a5 12. b3 Ba6 13. Ncd5 Nxd5 14. Nxd5 f6 15. Be3 a4 16. h5 axb3 17. axb3 c6 18. Nf4 Qd7 19. Rd1 Rad8 20. Kf2 f5 21. e5 d5 22. Bd4 Qc7 23. c3 Qc8 24. b4 Bc4 25. Qe3 Bg5 26. g3 Rde8 27. Qd2 h6 28. Qe1 Re7 29. Nh3 Rfe8 30. f4 b6 31. fxg5 c5 32. Be3 Rxe5 33. gxh6 Rxe3 34. Qxe3 Rxe3 35. Kxe3 Qe6+ 36. Kf2 Qe2+ 37. Kg1 Qxd1+ 38. Kg2 Qe2+ 39. Nf2 Bd3 40. hxg7 Kxg7 41. h6+ Kh7 42. Kg1 Be4 43. Nxe4 dxe4 44. Rh4 Qf3 45. Kh2 e3 46. bxc5 e2 47. Rf4 Qh5+ 48. Kg2 Qe8 49. cxb6 e1=Q 50. Rxf5 Q1e2+ 51. Rf2 Q8e4+ 52. Kh3 Qxf2 53. b7 Qef5+ 54. Kh4 Qh2# 0-1


[Site "https://www.chess.com"]

[Event "Titled Tuesday Blitz February 14 Late 2023"]
[White "Estrada Nieto, Julian"]
[Black "Clawitter, Craig"]
[WhiteFideId "5101018"]
[BlackFideId "2023105"]
[WhiteElo "2215"]
[BlackElo "2050"]
[Result "1-0"]
[Round "06"]
[TimeControl "180+2"]
[Date "2023.02.14"]
[WhiteClock "0:00:08"]
[BlackClock "0:00:02"]

1. e4 e6 2. d4 d5 3. Nd2 Be7 4. Bd3 c5 5. dxc5 Nf6 6. Qe2 O-O 7. Ngf3 a5 8. O-O Na6 9. e5 Nd7 10. Nb3 Naxc5 11. Nxc5 Nxc5 12. Bf4 b6 13. Bb5 Bd7 14. Nd4 Qc7 15. Rad1 Rfc8 16. c3 a4 17. a3 Bf8 18. Rfe1 Nb3 19. Nxb3 axb3 20. Bd3 Ra4 21. Qf3 g6 22. h4 h5 23. Qg3 Bg7 24. Re3 Qc5 25. Rde1 Bb5 26. Bxg6 fxg6 27. Qxg6 Rxf4 28. Rg3 Rc7 29. Qxe6+ Rff7 30. Ree3 Qe7 31. Qg6 Be8 32. Qh6 Kf8 33. Qh7 Bxe5 34. Rg8# 1-0


[Site "https://www.chess.com"]

[Event "Titled Tuesday Blitz February 14 Late 2023"]
[White "Li, Hui"]
[Black "Oliveira, Tiago Batista"]
[WhiteFideId "15400310"]
[BlackFideId "2108291"]
[WhiteElo "1963"]
[BlackElo "1991"]
[Result "1-0"]
[Round "06"]
[TimeControl "180+2"]
[Date "2023.02.14"]
[WhiteClock "0:00:09"]
[BlackClock "0:00:02"]

1. e4 c5 2. Nf3 Nc6 3. d4 cxd4 4. Nxd4 Nf6 5. Nc3 d6 6. Be2 e6 7. O-O Be7 8. Be3 O-O 9. f4 Bd7 10. Kh1 Nxd4 11. Qxd4 Bc6 12. Bf3 Qa5 13. Rad1 Rfd8 14. Qd2 b5 15. Nd5 Qxd2 16. Nxe7+ Kf8 17. Rxd2 Kxe7 18. e5 Nd5 19. exd6+ Kd7 20. Bd4 f6 21. g3 Rdc8 22. Kg2 Nb4 23. c3 Bxf3+ 24. Rxf3 Nd5 25. f5 Kxd6 26. fxe6 Kxe6 27. Rff2 Nb6 28. Rfe2+ Kf7 29. Bxb6 axb6 30. Rd7+ Kg6 31. a3 Rc6 32. Ree7 Rg8 33. Kf3 h5 34. Ke4 Rc4+ 35. Rd4 Rc5 36. Rd5 Rc4+ 37. Kf3 h4 38. Rxb5 hxg3 39. hxg3 Rc6 40. Rd5 Rh8 41. Rdd7 Rh7 42. Rc7 Rd6 43. Red7 Re6 44. Rc4 Rh1 45. Rg4+ Kf5 46. Rd5+ Re5 47. Rxe5+ fxe5 48. Rxg7 Rb1 49. g4+ Kf6 50. Rb7 Rxb2 51. Ke4 Ke6 52. g5 Rb3 53. Kd3 Rxa3 54. Rxb6+ Kf5 55. g6 Ra1 56. c4 Rg1 57. c5 e4+ 58. Ke3 Rg3+ 59. Kf2 Rf3+ 60. Ke2 Rg3 61. Kf2 Rg4 62. Rd6 Ke5 63. Ke3 Rg3+ 64. Ke2 Rg5 65. Ra6 Kd4 66. c6 Rg2+ 67. Kf1 Rxg6 68. c7 1-0


[Site "https://www.chess.com"]

[Event "Titled Tuesday Blitz February 14 Late 2023"]
[White "Rian, Kapriaga"]
[Black "Davalos Prieto, Abel Justo"]
[WhiteFideId "7103263"]
[BlackFideId "5102766"]
[WhiteElo "2089"]
[BlackElo "2029"]
[Result "1-0"]
[Round "06"]
[TimeControl "180+2"]
[Date "2023.02.14"]
[WhiteClock "0:00:20"]
[BlackClock "0:01:06"]

1. d4 Nf6 2. Nf3 e6 3. Bg5 d5 4. Nbd2 Be7 5. e3 O-O 6. Bd3 h6 7. Bh4 c5 8. c3 b6 9. Ne5 Qc7 10. O-O Ba6 11. Bxa6 Nxa6 12. Qe2 Nb8 13. f4 Nc6 14. Rf3 Ne4 15. Bxe7 Nxe7 16. Nxe4 dxe4 17. Rff1 cxd4 18. cxd4 Rac8 19. Rf2 Nd5 20. g4 f6 21. Ng6 Rfd8 22. g5 hxg5 23. fxg5 f5 24. Raf1 Qc4 25. Qh5 Nxe3 26. Qh8+ Kf7 27. Ne5+ Ke7 28. Qxg7+ Kd6 29. Nxc4+ Rxc4 30. Re1 Nd5 31. Qe5+ Kd7 32. Rxf5 Re8 33. Rf7+ Re7 34. Rxe7+ Nxe7 35. Qxe4 Rc8 36. Qxe6+ Kc7 37. Qxe7+ Kb8 38. Qd6+ 1-0


[Site "https://www.chess.com"]

[Event "Titled Tuesday Blitz February 14 Late 2023"]
[White "Marcolino, Daniel Mattos"]
[Black "Mendez Machado, Andre"]
[WhiteFideId "2106841"]
[BlackFideId "6603793"]
[WhiteElo "2006"]
[BlackElo "1974"]
[Result "0-1"]
[Round "06"]
[TimeControl "180+2"]
[Date "2023.02.14"]
[WhiteClock "0:00:28"]
[BlackClock "0:00:51"]

1. d4 Nf6 2. Nf3 e6 3. g3 d5 4. Bg2 Be7 5. O-O O-O 6. c4 dxc4 7. Qc2 a6 8. a4 Nc6 9. Qxc4 Na5 10. Qc2 b6 11. Ne5 Bb7 12. Bxb7 Nxb7 13. Nc6 Qe8 14. Nxe7+ Qxe7 15. Bf4 Rac8 16. Nc3 c5 17. dxc5 Nxc5 18. a5 b5 19. Rad1 e5 20. Bg5 Na4 21. Rd3 h6 22. Bxf6 Qxf6 23. Qb3 Nc5 24. Nd5 Qe6 0-1


[Site "https://www.chess.com"]